AoeStats
← Kojikaba

Nomad

504834284Analyzed
2v2 RM · 26d ago on Sep 6, 2026· 34m 52s· 4 players
Game mode
Random Map
Map size
176×176
Population
200
Speed
Normal
Resources
Standard
Victory
Conquest
Starting age
Dark Age
Ending age
Imperial Age
RankedLock teamsTeams togetherTeam positionsShared explorationLock speedFull tech treeHidden civsTurbo modeCheats
Victory
Defeat
🇵🇱 Berbers · Poland
756
+17
🇧🇷 Portuguese · Brazil
687
+20
🇩🇪 Bulgarians · Germany
859
-68
🇩🇪 Ethiopians · Germany
699
-15
Messi [10]
6:00 Loom
15:19 Feudal Age
16:45 Double-Bit Axe
16:57 Stone Mining
17:10 Arson
19:21 Gold Mining
19:48 Bloodlines
20:17 Forging
20:13 Scale Barding Armor
23:17 Castle Age
21:14 Horse Collar
23:05 Fletching
23:16 Padded Archer Armor
23:19 Fishing Lines
24:10 Husbandry
25:16 Gold Shaft Mining
25:26 Heavy Plow
27:07 Wheelbarrow
28:58 Stone Shaft Mining
31:07 Kasbah
31:51 Iron Casting
Sunrise
REHBITSCH4
16:46 Feudal Age
17:25 Fishing Lines
18:46 Wheelbarrow
18:54 Double-Bit Axe
31:00 Castle Age
29:14 Forging
28:59 Fletching
31:08 Man-at-Arms
31:37 Crossbowman
33:22 Bodkin Arrow
Kojikaba
17:48 Feudal Age
18:49 Horse Collar
23:54 Double-Bit Axe
24:04 Gold Mining
33:12 Scale Mail Armor
Connection lost

Rejoining the realm…

Still unreachable

The connection could not be restored.

Session expired

The server has moved on; the page needs a fresh start.